AoeStats
← RagnarLothbrok

Black Forest

509338970Analyzed
4v4 RM · 5d ago on Sep 26, 2026· 40m 52s· 8 players
Game mode
Random Map
Map size
Large (8 player)
Population
200
Speed
Normal
Resources
Standard
Victory
Conquest
Starting age
Dark Age
Ending age
Imperial Age
RankedLock teamsTeams togetherTeam positionsShared explorationLock speedFull tech treeHidden civsTurbo modeCheats
Victory
Defeat
🇨🇿 Britons · Czechia
1433
+10
🇻🇳 Khmer · Vietnam
1425
+10
🇻🇪 Mongols · Venezuela
1377
+12
🇺🇿 Bulgarians · Uzbekistan
1197
+19
🇯🇵 Danes · Japan
1320
-14
🇨🇳 Berbers · China
1298
-13
🇨🇳 Magyars · China
1297
-13
🇨🇳 Ethiopians · China
1253
-11
poplin
7:34 Loom
11:48 Feudal Age
12:30 Double-Bit Axe
15:23 Castle Age
13:25 Fishing Lines
16:54 Bow Saw
18:01 Wheelbarrow
17:45 Gillnets
18:42 Horse Collar
21:20 Loom
26:03 Hand Cart
26:26 Gold Mining
26:51 Stone Mining
27:14 Forging
27:04 Scale Mail Armor
27:12 Murder Holes
30:00 Imperial Age
28:58 Gold Shaft Mining
28:59 Stone Shaft Mining
29:01 Iron Casting
28:32 Caravan
29:03 Coinage
28:44 Squires
28:29 Gambesons
28:30 Arson
30:11 Chain Mail Armor
30:35 Ballistics
30:33 Elite Varangian Guard
32:19 Blast Furnace
31:50 Plate Mail Armor
32:02 Banking
31:12 Onager
33:04 Conscription
32:06 Hamask
32:28 Northmen's Fury
32:41 Siege Onager
35:36 Pikeman
37:30 Chemistry
36:13 Halberdier
39:35 Siege Engineers
苍真
10:52 Feudal Age
14:49 Castle Age
14:13 Double-Bit Axe
18:42 Fishing Lines
21:30 Gillnets
22:38 Bow Saw
24:15 Wheelbarrow
24:15 Horse Collar
25:08 Heavy Plow
25:27 Loom
29:59 Imperial Age
28:57 Bloodlines
28:50 Gold Mining
28:51 Stone Mining
31:03 Gold Shaft Mining
30:08 Heavy Cavalry Archer
31:13 Parthian Tactics
30:41 Fletching
30:58 Husbandry
30:19 Light Cavalry
32:09 Thumb Ring
33:07 Chemistry
32:28 Ballistics
32:32 Bodkin Arrow
33:00 Conscription
33:17 Recurve Bow
33:28 Bracer
33:29 Padded Archer Armor
33:35 Scale Barding Armor
33:55 Hand Cart
34:13 Coinage
33:44 Caravan
35:17 Leather Archer Armor
35:03 Hussar
36:23 Chain Barding Armor
37:13 Ring Archer Armor
38:51 Hoardings
38:06 Elite Genitour
39:50 Plate Barding Armor
muui
0:32 Loom
12:53 Feudal Age
19:35 Castle Age
17:47 Double-Bit Axe
18:14 Horse Collar
19:28 Town Watch
20:48 Wheelbarrow
22:44 Fortified Wall
25:36 Bow Saw
30:08 Gold Mining
30:57 Heavy Plow
35:19 Imperial Age
34:42 Ballistics
34:02 Treadmill Crane
35:49 Kasbah
35:43 Fletching
35:53 Padded Archer Armor
37:36 Gold Shaft Mining
37:17 Bodkin Arrow
38:23 Bloodlines
39:12 Leather Archer Armor
39:18 Siege Engineers
39:14 Elite Camel Archer
41:24 Chemistry
40:35 Bracer
孤鸿
0:27 Loom
11:53 Feudal Age
12:40 Double-Bit Axe
15:36 Castle Age
16:27 Horse Collar
18:22 Wheelbarrow
19:07 Bow Saw
18:54 Stone Mining
20:16 Heavy Plow
25:00 Town Watch
25:43 Fletching
27:23 Gold Mining
28:10 Stone Shaft Mining
28:22 Hand Cart
29:00 Gold Shaft Mining
32:45 Imperial Age
30:42 Bodkin Arrow
30:09 Crossbowman
30:54 Thumb Ring
31:44 Padded Archer Armor
32:36 Ballistics
32:27 Masonry
34:29 Chemistry
33:06 Arbalester
34:45 Bracer
RagnarLothbrok
10:48 Feudal Age
12:27 Wheelbarrow
15:50 Castle Age
14:05 Double-Bit Axe
14:01 Horse Collar
14:47 Fishing Lines
16:45 Bow Saw
16:16 Horse Collar
17:50 Loom
21:04 Horse Collar
22:40 Gillnets
23:25 Wheelbarrow
22:36 Loom
22:37 Town Watch
25:41 Stone Mining
25:42 Gold Mining
26:08 Hand Cart
25:53 Town Patrol
30:43 Imperial Age
29:02 Fletching
29:12 Padded Archer Armor
29:49 Heavy Plow
29:51 Town Patrol
30:01 Nomads
30:28 Bodkin Arrow
30:40 Thumb Ring
31:16 Bloodlines
31:06 Husbandry
32:26 Chemistry
31:44 Bracer
32:00 Leather Archer Armor
31:31 Capped Ram
32:33 Drill
32:15 Onager
34:10 Gold Shaft Mining
34:10 Stone Shaft Mining
33:54 Caravan
35:13 Conscription
34:38 Siege Ram
34:51 Siege Onager
36:37 Siege Ram
38:29 Parthian Tactics
39:39 Elite Mangudai
Rakosnik
1:13 Loom
7:19 Loom
9:52 Feudal Age
12:26 Fletching
17:47 Double-Bit Axe
17:47 Horse Collar
19:52 Gold Mining
21:03 Padded Archer Armor
26:48 Castle Age
25:25 Fishing Lines
26:55 Crossbowman
27:34 Bodkin Arrow
29:17 Gillnets
29:58 Leather Archer Armor
30:26 Gold Shaft Mining
30:59 Stone Mining
36:38 Imperial Age
35:06 Ballistics
36:40 Arbalester
37:25 Bracer
38:40 Chemistry
39:43 Conscription
40:03 Yeomen
40:18 Squires
40:49 Town Watch
karbid
9:12 Feudal Age
11:45 Arson
18:03 Castle Age
16:16 Loom
16:21 Double-Bit Axe
16:18 Horse Collar
17:51 Wheelbarrow
20:44 Fletching
20:44 Town Watch
32:08 Imperial Age
30:38 Hand Cart
30:35 Bow Saw
30:27 Heavy Plow
31:10 Squires
30:55 Gambesons
31:07 Fishing Lines
32:22 Forging
32:12 Scale Mail Armor
33:00 Capped Ram
34:12 Bagains
34:49 Iron Casting
34:29 Chain Mail Armor
34:42 Chain Mail Armor
36:00 Gold Mining
37:12 Blast Furnace
36:42 Plate Mail Armor
35:44 Pikeman
36:46 Halberdier
38:18 Siege Engineers
38:40 Caravan
38:56 Siege Ram
39:10 Elite Skirmisher
39:48 Bodkin Arrow
41:03 Ballistics
41:46 Chemistry
40:47 Bracer
40:48 Padded Archer Armor
dustbin
12:32 Feudal Age
15:12 Castle Age
13:01 Double-Bit Axe
13:17 Fishing Lines
13:48 Horse Collar
15:53 Gillnets
16:55 Bow Saw
19:23 Wheelbarrow
21:49 Horse Collar
24:27 Hand Cart
24:08 Loom
24:19 Gold Mining
24:19 Stone Mining
27:55 Imperial Age
25:33 Scale Barding Armor
25:39 Forging
26:28 Husbandry
26:39 Bloodlines
26:50 Chain Barding Armor
28:20 Gold Shaft Mining
28:14 Elite Battle Elephant
29:37 Plate Barding Armor
30:06 Iron Casting
29:49 Heavy Plow
30:50 Conscription
30:52 Caravan
32:17 Blast Furnace
32:36 Tusk Swords
34:01 Fletching
35:35 Crop Rotation
38:30 Masonry
39:33 Town Watch
Connection lost

Rejoining the realm…

Still unreachable

The connection could not be restored.

Session expired

The server has moved on; the page needs a fresh start.